 Dungeon Crawl Stone Soup version 0.28.0-53-g5a82cb258f (webtiles) character file.

Game seed: 8743680209001488604

79 enile the Firebug (level 4, -2/31 HPs)
             Began as an Octopode Fire Elementalist on May 30, 2022.
             Was a Believer of Lugonu.
             Shot with an arrow by a centaur (12 damage)
             ... on level 3 of the Dungeon.
             The game lasted 00:02:02 (2420 turns).

enile the Firebug (Octopode Fire Elementalist)      Turns: 2420, Time: 00:02:03

Health: -2/31      AC:  1    Str:  7    XL:     4   Next: 38%
Magic:  8/8        EV: 13    Int: 19    God:    Lugonu [**....]
Gold:   98         SH:  0    Dex: 12    Spells: 6/9 levels left

rFire   . . .      SeeInvis .   h - +0 dagger (vamp)
rCold   . . .      Faith    .   n - orb {*Rage}
rNeg    . . .      Spirit   .   (helmet restricted)
rPois   .          Reflect  .   (no amulet)
rElec   .          Harm     .   (no ring)
rCorr   .          Rampage  .   (no ring)
Will    .....      Rage     20% (no ring)
Stlth   +++.......              (no ring)
HPRegen 0.10/turn               (no ring)
MPRegen 0.11/turn               (no ring)
                                (no ring)
                                (no ring)

@: no status effects
A: almost no armour, amphibious, 8 rings, camouflage 1, gelatinous body 1,
(nimble swimmer 1), tentacles
a: Renounce Religion, Depart the Abyss, Bend Space


You were on level 3 of the Dungeon.
You worshipped Lugonu.
Lugonu was pleased with you.
You visited 1 branch of the dungeon, and saw 3 of its levels.

You collected 98 gold pieces.

Inventory:

Hand Weapons
 g - a +0 dagger
 h - a +0 vampiric dagger (weapon)
 k - a +1 dagger of speed
Armour
 n - an orb of wrath (worn)
Jewellery
 f - a +4 ring of protection
 j - a +6 ring of dexterity
Scrolls
 a - a scroll of enchant weapon {unknown}
 d - 2 scrolls of magic mapping {unknown}
 i - 2 scrolls of identify {unknown}
 m - 2 scrolls of enchant armour {unknown}
 o - a scroll of summoning {unknown}
Potions
 b - 3 potions of heal wounds
 c - a potion of berserk rage {unknown}
 e - 2 potions of brilliance {unknown}
 l - a potion of attraction {unknown}


   Skills:
 - Level 3.0 Fighting
 - Level 2.0 Dodging
 - Level 2.6 Stealth
 + Level 3.0 Spellcasting
 - Level 1.0 Conjurations
 - Level 3.0 Fire Magic


You had 6 spell levels left.
You knew the following spells:

 Your Spells              Type           Power      Damage    Failure   Level
a - Foxfire               Conj/Fire      40%        2x1d6     7%          1
b - Scorch                Fire           28%        2d6       7%          2

Your spell library contained the following spells:

 Spells                   Type           Power      Damage    Failure   Level
 Summon Small Mammal      Summ           8%         N/A       16%         1
 Conjure Flame            Conj/Fire      10%        6-21      21%         3
 Inner Flame              Hex/Fire       8%         N/A       24%         3
 Call Canine Familiar     Summ           2%         N/A       41%         3
 Summon Guardian Golem    Hex/Summ       2%         N/A       41%         3
 Flame Wave               Conj/Fire      10%        2d5       54%         4


Dungeon Overview and Level Annotations

Branches:
Dungeon (3/15)

Altars:
Lugonu


Innate Abilities, Weirdness & Mutations

You cannot wear most types of armour.
You are amphibious.
You can wear up to eight rings at the same time.
Your skin changes colour to match your surroundings (Stealth+).
Your rubbery body absorbs attacks. (AC +1, EV +1)
((You are camouflaged when in or above water. (Stealth+)))
You have tentacles for arms and can constrict up to eight enemies at once.


Message History

You constrict the fungus. You hit the fungus but do no damage.
The fungus is lightly damaged.
You constrict the fungus.
A nearby fungus withers and dies.
You lose your grip on the fungus.
There is a faded altar of an unknown god here.
You cannot tell which god this altar belongs to.
Convert to them anyway?
Lugonu accepts your prayer! Lugonu welcomes you!
You can now depart the Abyss.
You can now bend space around yourself.
Done exploring.
Done exploring.
Done exploring.
(D) Dungeon
Where to? (Enter - D:2 @ (x,y), ? - help)
There is a stone staircase leading down here.
You climb downwards.
The centaur shouts!
There is a stone staircase leading up here.
A centaur is nearby!
A centaur is nearby!
A centaur is nearby!
A centaur is nearby!
A centaur is nearby!
The centaur barely misses you. The centaur kicks you.
You hit the centaur but do no damage. You squeeze the centaur!
The centaur is moderately wounded.
The centaur hits you but does no damage.
The centaur kicks you. The centaur hits you. The centaur kicks you.
You hit the centaur but do no damage.
The centaur is moderately wounded.
The centaur hits you but does no damage.
The centaur barely misses you.
You barely miss the centaur. Your squeeze misses the centaur.
The centaur is moderately wounded.
The centaur hits you. The centaur kicks you. The centaur hits you.
The centaur misses you.
The centaur wields a +0 shortbow.
The centaur shoots an arrow.
The arrow hits you!
You die...

#####
#...#
#...#
#@..#
#..c#
#.###
#.#
#.#
#.#
#.#
#.#


You could see a centaur.

Vanquished Creatures
  Jessica (D:2)
  2 adders (D:2)
  2 dart slugs (D:1)
  4 bats
  An endoplasm (D:1)
  A giant cockroach (D:1)
  6 goblins
  2 hobgoblins (D:1)
  5 kobolds
  2 quokkas
  A ball python (D:1)
  A frilled lizard (D:2)
  3 rats
31 creatures vanquished.

Vanquished Creatures (collateral kills)
  3 foxfires (D:1)
3 creatures vanquished.

Vanquished Creatures (others)
  63 foxfires
  A fungus (D:2)
64 creatures vanquished.

Grand Total: 98 creatures vanquished

Notes
Turn   | Place    | Note
-------+----------+-------------------------------------------
     0 | D:1      | enile the Octopode Fire Elementalist began the quest for
                  | the Orb.
     0 | D:1      | Reached XP level 1. HP: 11/11 MP: 3/3
   260 | D:1      | Reached skill level 1 in Fighting
   359 | D:1      | Reached XP level 2. HP: 18/18 MP: 1/5
  1306 | D:2      | Learned a level 2 spell: Scorch
  1336 | D:2      | Reached XP level 3. HP: 25/25 MP: 3/6
  1379 | D:2      | Noticed Jessica
  1388 | D:2      | Killed Jessica
  1553 | D:2      | Reached XP level 4. HP: 22/31 MP: 2/8
  2370 | D:2      | Found a faded altar of an unknown god.
  2381 | D:2      | Prayed at the altar of an unknown god.
  2381 | D:2      | Became a worshipper of Lugonu the Unformed
  2381 | D:2      | Reached * piety under Lugonu
  2381 | D:2      | Reached ** piety under Lugonu
  2415 | D:3      | Noticed a centaur
  2420 | D:3      | Shot with an arrow by a centaur

Illustrated notes

Levels and vault maps discovered:
D:1:      minmay_arrival_five_plusses, layout_basic, serial_forest,
          infiniplex_forest_lined_3, infiniplex_forest_lined_1,
          infiniplex_forest_zigzag_1, infiniplex_forest_clump_C,
          infiniplex_forest_lined_3, infiniplex_forest_clump_curved
D:2:      layout_loops_ring, shapermc_ecumenical_altar_mp_urbaneastern,
          kennysheep_generic_room_13, uniq_jessica
D:3:      layout_basic, mainiacjoe_overflow_concentric_impassable, serial_shops,
          nicolae_diamond_shop, uniq_terence

Skill      XL: |  1  2  3  4 |
---------------+-------------+-----
Fighting       | 1 2 3 |  3.0
Spellcasting   | 3 |  3.0
Dodging        | |  2.0
Stealth        | |  2.6
Conjurations   | |  1.0
Fire Magic     | |  3.0

Action                   |  1- 3 |  4- 6 || total
-------------------------+-------+-------++-------
Melee: Unarmed           |     3 |       ||     3
       Dagger            |    13 |    10 ||    23
       Constrict         |     3 |     2 ||     5
       Punch             |     1 |     1 ||     2
       Tentacles         |     4 |     4 ||     8
 Cast: Foxfire           |    39 |     1 ||    40
       Scorch            |     5 |     4 ||     9
  Use: Potion            |     1 |       ||     1
 Stab: Sleeping          |     4 |       ||     4
Armor: Skin              |     2 |     2 ||     4
Dodge: Dodged            |    18 |     6 ||    24
